 Dungeon Crawl Stone Soup version 0.31.0-9-g3a7656b989 (webtiles) character file.

Game seed: 10499179240918608778

105 qw the Shooter (level 4, -1/23 HPs)
             Began as a Spriggan Hunter on Feb 2, 2024.
             Incinerated by a bombardier beetle (3 damage)
             ... with a burning spray
             ... on level 3 of the Dungeon.
             The game lasted 00:00:05 (1438 turns).

qw the Shooter (Spriggan Hunter)                    Turns: 1438, Time: 00:00:05

Health: -1/23      AC:  2    Str:  5 (7)  XL:     4   Next: 53%
Magic:  5/5        EV: 19    Int:  8 (10) God:
Gold:   18         SH:  0    Dex: 18 (20) Spells: 3/3 levels left

rFire   . . .        a - +1 shortbow
rCold   . . .        (shield currently unavailable)
rNeg    . . .        c - +0 robe
rPois   .            (helmet restricted)
rElec   .            (no cloak)
rCorr   .            (gloves unavailable)
SInv    +            (boots unavailable)
Will    .....        (no amulet)
Stlth   +            (no ring)
HPRegen 0.23/turn    (no ring)
MPRegen 0.09/turn

%: no passive effects
@: on fire, glowing, very quick
A: very small, no large weapons, unfitting armour, see invisible, speed 3
a: no special abilities


You were on level 3 of the Dungeon.
You visited 1 branch of the dungeon, and saw 3 of its levels.

You collected 69 gold pieces.
You spent 51 gold pieces at shops.


Innate Abilities, Weirdness & Mutations

You are very small and have problems with some larger weapons.
You are too small for most types of armour.
You have supernaturally acute eyesight. (SInv)
You cover ground extremely quickly. (Speed+++)


   Skills:
 - Level 2.2 Fighting
 - Level 5.0 Ranged Weapons
 + Level 4.3 Dodging
 - Level 1.5 Stealth


You had 3 spell levels left.
You didn't know any spells.
Your spell library was empty.

Inventory:

Hand Weapons
 a - a +1 shortbow (weapon)
Armour
 c - a +0 robe (worn)
Jewellery
 b - a ring of ice
 j - a ring of ice
Potions
 d - a potion of brilliance {unknown}
 e - a potion of lignification {unknown}
 f - a potion of berserk rage {unknown}
 g - a potion of heal wounds {unknown}

Dungeon Overview and Level Annotations

Branches:
Dungeon (3/15)

Altars:

Shops:
D:1 :   D:3 *

Annotations:
D:3 1 transporter, qw's ghost, amateur GrHu


Message History

You can access your shopping list by pressing '$'.
1399 ||| SHOPLISTING scroll of identify (38 gold, have 29).
You can access your shopping list by pressing '$'.
1399 ||| SHOPLISTING scroll of teleportation (57 gold, have 29).
You can access your shopping list by pressing '$'.
1399 ||| BUYING sedimented grey potion (17 gold).
f - a sedimented grey potion Thank you for shopping at Erisufes's Assorted Antiques!
You can access your shopping list by pressing '$'.
A frilled lizard comes into view.
You shoot an arrow. The arrow hits the frilled lizard.
You kill the frilled lizard!
You now have 18 gold pieces (gained 6).
A bombardier beetle comes into view.
You shoot an arrow. The arrow hits the bombardier beetle.
The bombardier beetle is lightly wounded.
You shoot an arrow. The arrow hits the bombardier beetle!
The bombardier beetle is heavily wounded.
You shoot an arrow. The arrow hits the bombardier beetle.
The bombardier beetle is almost dead.
The bombardier beetle sprays incendiary fluid at you.
The burning spray hits you.
You are covered in liquid fire!
You shoot an arrow.
The arrow barely misses the bombardier beetle.
The liquid fire burns you!
You shoot an arrow. The arrow hits the bombardier beetle.
You kill the bombardier beetle!
The liquid fire burns you!
You feel your intelligence returning.
Your Fighting skill increases to level 2!
You are on fire!
The liquid fire burns you!
You are on fire!
The liquid fire burns you!
You are on fire!
The liquid fire burns you!
You are on fire!
The liquid fire burns you!
You die...

#+# #.#### #.# #.#
####.#### #.#
#.......# #.#
...####.#...#.# #.#
.............%# #.#
....##.#...#.#####.#
. #.##..........#
#@##.##.#######
#...........#
.....########## ####


There were no monsters in sight!

Vanquished Creatures
  A bombardier beetle (D:3)
  3 adders (D:2)
  A dart slug (D:1)
  4 ball pythons
  6 endoplasms
  A giant cockroach (D:2)
  A goblin (D:2)
  4 hobgoblins
  2 jackals (D:1)
  7 bats
  4 frilled lizards
  6 kobolds
  7 rats (D:1)
47 creatures vanquished.

Notes
Turn   | Place    | Note
-------+----------+-------------------------------------------
     0 | D:1      | qw the Spriggan Hunter began the quest for the Orb.
     0 | D:1      | Reached XP level 1. HP: 10/10 MP: 2/2
     0 | D:1      | 0 ||| qw: Version: 0.3-a-155-g5e7d8dd
     0 | D:1      | 0 ||| qw: Game counter: 444
     0 | D:1      | 0 ||| qw: Melee chars always use a shield: true
     0 | D:1      | 0 ||| qw: God list: Okawaru
     0 | D:1      | 0 ||| qw: Allow faded altars: false
     0 | D:1      | 0 ||| qw: Do Orc after clearing Dungeon:15 true
     0 | D:1      | 0 ||| qw: Do second Lair branch before Depths: true
     0 | D:1      | 0 ||| qw: Lair rune preference: random
     0 | D:1      | 0 ||| qw: Goals: Normal
     0 | D:1      | 0 ||| PLANNING D:1-11
    18 | D:1      | Found Kocrour's Book Shoppe.
    35 | D:1      | Reached skill level 3 in Dodging
    76 | D:1      | Reached XP level 2. HP: 14/14 MP: 3/3
   422 | D:1      | Found a faded altar of an unknown god.
   550 | D:1      | 550 ||| READING scroll labelled DAXTOZX NEFIPN.
   555 | D:1      | 555 ||| READING scroll labelled TIGYZX UGIGHYCO.
   555 | D:1      | 555 ||| ENCHANTING +0 shortbow.
   556 | D:1      | 556 ||| DROPPING scroll of butterflies.
   580 | D:2      | 580 ||| STAIRDANCE
   589 | D:2      | 589 ||| STAIRDANCE
   592 | D:1      | Reached XP level 3. HP: 18/18 MP: 4/4
   595 | D:2      | 595 ||| STAIRDANCE
   711 | D:2      | Reached skill level 5 in Ranged Weapons
   916 | D:2      | Reached XP level 4. HP: 22/22 MP: 5/5
   931 | D:2      | Identified the +7 dagger of Action {freeze, Str+4}
  1144 | D:2      | 1144 ||| READING scroll labelled JARRUMA BIWNEMM.
  1144 | D:2      | 1144 ||| IDENTIFYING cyan potion
  1145 | D:2      | 1145 ||| READING scroll labelled VOCWEINTOJA.
  1146 | D:2      | 1146 ||| READING scroll labelled FOL MITSUVAPH.
  1247 | D:2      | 1247 ||| READING scroll labelled HITAMO HIEVEVO.
  1247 | D:2      | 1247 ||| ENCHANTING +1 shortbow.
  1248 | D:2      | 1248 ||| DRINKING 2 dark potions.
  1249 | D:2      | 1249 ||| DROPPING potion of degeneration.
  1250 | D:2      | 1250 ||| DROPPING potion of invisibility.
  1342 | D:3      | Found a transporter.
  1354 | D:3      | Noticed qw's ghost (amateur GrHu)
  1390 | D:3      | Found Erisufes's Assorted Antiques.
  1399 | D:3      | 1399 ||| SHOPLISTING encrusted copper wand (76 gold, have
                  | 63).
  1399 | D:3      | 1399 ||| BUYING glowing emerald potion (17 gold).
  1399 | D:3      | Bought a glowing emerald potion for 17 gold pieces
  1399 | D:3      | 1399 ||| BUYING purple potion (17 gold).
  1399 | D:3      | Bought a purple potion for 17 gold pieces
  1399 | D:3      | 1399 ||| SHOPLISTING scroll of identify (38 gold, have 29).
  1399 | D:3      | 1399 ||| SHOPLISTING scroll of teleportation (57 gold, have
                  | 29).
  1399 | D:3      | 1399 ||| BUYING sedimented grey potion (17 gold).
  1399 | D:3      | Bought a sedimented grey potion for 17 gold pieces
  1436 | D:3      | HP: 4/23 [burnt (3)]
  1438 | D:3      | Incinerated by a bombardier beetle

Levels and vault maps discovered:
D:1:      lemuel_arrival_room, layout_rooms,
          dreamdust_ecumenical_altar_hidden_monk_grotto, serial_shops, shop,
          hex_large
D:2:      layout_loops_cross, minmay_box_of_dots
D:3:      layout_loops_corners, mainiacjoe_overflow_paths, trog_butcher_becter,
          mainiacjoe_overflow_tiny_flanked, gammafunk_ghost_stat_death,
          serial_shops, shop

Skill      XL: |  1  2  3  4 |
---------------+-------------+-----
Dodging        | 3 4 |  4.3
Ranged Weapons | 5 |  5.0
Fighting       | 2 |  2.2
Stealth        | |  1.5

Action                     |  1- 3 |  4- 6 || total
---------------------------+-------+-------++-------
   Fire: Shortbow          |    93 |    16 ||   109
    Use: Scroll            |     2 |     4 ||     6
         Potion            |       |     1 ||     1
 Armour: Robe              |    10 |       ||    10
  Dodge: Dodged            |    29 |     2 ||    31

Table legend:
 A = Non-vault XP
 B = Vault XP
 C = Vault XP percentage of total XP
 D = Non-vault monster count
 E = Vault monster count
 F = Vault count percentage of total count
                 A         B        C        D         E       F
            +---------+---------+-------+---------+---------+-------
      Total |     149 |       1 |   0.7 |      46 |       1 |   2.1
            +---------+---------+-------+---------+---------+-------
        D:1 |      41 |       0 |   0.0 |      25 |       0 |   0.0
        D:2 |      64 |       1 |   1.5 |      18 |       1 |   5.3
        D:3 |      44 |       0 |   0.0 |       3 |       0 |   0.0
            +---------+---------+-------+---------+---------+-------
